 Dungeon Crawl Stone Soup version 0.23.1 (webtiles) character file.

Game seed: 674265493112734532

58 myga the Caller (level 3, -5/24 HPs)
             Began as a Mummy Summoner on Mar 18, 2019.
             Slain by Crazy Yiuf
             ... wielding a +4 quarterstaff of chaos
              (12 damage)
             ... while paralysed by Crazy Yiuf
             ... on level 2 of the Dungeon.
             The game lasted 00:11:35 (1825 turns).

myga the Caller (Mummy Summoner)                    Turns: 1825, Time: 00:11:35

Health: -5/24      AC:  4    Str: 12    XL:     3   Next: 75%
Magic:  6/8        EV:  2    Int: 14    God:
Gold:   66         SH:  0    Dex: 12    Spells: 6/9 levels left

rFire    x . .     SeeInvis .   i - +0 dagger
rCold    + . .     Gourm    .   (no shield)
rNeg     + + +     Faith    .   a - +0 robe
rPois    ∞         Spirit   .   k - +0 helmet
rElec    .         Reflect  .   l - +0 cloak
rCorr    .         Harm     .   (no gloves)
MR       .....     Rnd*Tele +   (no boots)
Stlth    +.........             (no amulet)
HPRegen  0.08/turn              f - ring of teleportation (curse)
MPRegen  0.11/turn              n - ring of attention (curse)

@: paralysed
A: no food or potions, fire vulnerability, cold resistance 1, negative energy
resistance 3, torment resistance, unbreathing
a: no special abilities


You were on level 2 of the Dungeon.
You were not hungry.

You visited 1 branch of the dungeon, and saw 2 of its levels.

You collected 66 gold pieces.

Inventory:

Hand Weapons
 d - a +0 dagger
 h - a +0 short sword
 i - a +0 dagger (weapon)
 p - a +0 spear
 t - a +0 whip
Missiles
 b - 5 javelins
 c - 19 stones
 e - 19 poisoned needles
 o - 20 bolts
 r - 2 tomahawks of returning (quivered)
Armour
 a - a +0 robe (worn)
 k - a +0 helmet (worn)
 l - a +0 cloak (worn)
 q - a +0 robe
 s - a cursed +0 robe
 u - a +0 robe
Jewellery
 f - a cursed ring of teleportation (left hand)
 n - a cursed ring of attention (right hand)
Scrolls
 g - a scroll of identify {unknown}
 j - 2 scrolls of fear {unknown}
 m - a scroll of immolation {unknown}


   Skills:
 + Level 0.1 Fighting
 + Level 0.2 Short Blades
 + Level 0.2 Throwing
 + Level 2.1 Dodging
 + Level 1.6 Stealth
 + Level 0.2 Unarmed Combat
 + Level 3.6 Spellcasting
 + Level 3.6 Summonings


You had 6 spell levels left.
You knew the following spells:

 Your Spells              Type           Power        Failure   Level  Hunger
a - Summon Small Mammal   Summ           ##..         4%          1    N/A
b - Call Imp              Summ           ##......     7%          2    N/A

Your spell library contained the following spells:

 Spells                   Type           Power        Failure   Level  Hunger
 Call Canine Familiar     Summ           ##......     14%         3    N/A
 Summon Guardian Golem    Hex/Summ       #.......     28%         3    N/A
 Summon Ice Beast         Ice/Summ       #.......     67%         4    N/A
 Summon Lightning Spire   Summ/Air       #.......     67%         4    N/A

Dungeon Overview and Level Annotations

Branches:
Dungeon (2/15)

Altars:

Annotations:
D:2 Crazy Yiuf


Innate Abilities, Weirdness & Mutations

You do not eat or drink.
Your flesh is vulnerable to fire.
You are immune to poison.
Your flesh is cold resistant. (rC+)
You are immune to negative energy. (rN+++)
You are immune to unholy pain and torment.
You can survive without breathing.


Message History

You see here a leather armour.
You see here a leather armour.
There is a stone staircase leading up here.
Crazy Yiuf shouts!
You open the door.
Crazy Yiuf twirls on the spot.
Crazy Yiuf says, "You!"
Crazy Yiuf says, "Dawk aubergine ragdoll!"
Crazy Yiuf says, "Snurf!"
Casting: Call Imp (safe; 7% risk of failure)
Confirm with . or Enter, or press ? or * to list all spells.
A beastly little devil appears in a puff of flame.
Crazy Yiuf hits you with a +4 quarterstaff of chaos!
Ouch! That really hurt!
* * * LOW HITPOINT WARNING * * *
You suddenly lose the ability to move!
Crazy Yiuf yells, "Gum!"
Crazy Yiuf hits you with a +4 quarterstaff of chaos!
Ouch! That really hurt!
You die...

..# ♣♣.♣♣ #.### ### ♣...♣♣
#.... ############ ♣..PP♣
###.. #..........# #....#
####..
#..........####....####.....
#..................#..###.#.
#.............##..##..# #.##
#...........g.........# #.#
#..........@.........># #.#
#..........÷.5........# #.#
#.....................# #.#
#...........÷.........# #.#
###########.#########.# #.#
#.# #.# #.## #.# #.# #...
#.# #######.###### #.#
#.......#.....


You could see Crazy Yiuf and a friendly crimson imp.

Vanquished Creatures
  An adder (D:2)
  2 dart slugs (D:2)
  2 leopard geckos
  5 jackals
  4 bats
  A frilled lizard (D:1)
  A kobold (D:1)
  A rat (D:1)
17 creatures vanquished.

Vanquished Creatures (collateral kills)
  Jessica (D:2)
  A leopard gecko (D:2)
  A ball python (D:1)
  A bat (D:1)
  A giant cockroach (D:2)
  A goblin (D:1)
  5 jackals
  A frilled lizard (D:1)
  A kobold (D:1)
  A rat (D:1)
14 creatures vanquished.

Grand Total: 31 creatures vanquished

Notes
Turn   | Place    | Note
-------+----------+-------------------------------------------
     0 | D:1      | myga the Mummy Summoner began the quest for the Orb.
     0 | D:1      | Reached XP level 1. HP: 13/13 MP: 4/4
   220 | D:1      | Reached XP level 2. HP: 5/19 MP: 0/5
   447 | D:1      | Learned a level 2 spell: Call Imp
  1130 | D:2      | Noticed Jessica
  1161 | D:2      | Reached XP level 3. HP: 19/24 MP: 7/7
  1394 | D:2      | Killed Jessica
  1523 | D:2      | Found a runed translucent door.
  1524 | D:2      | Noticed Crazy Yiuf
  1824 | D:2      | Paralysed by Crazy Yiuf for 7 turns
  1825 | D:2      | Slain by Crazy Yiuf

Skill      XL: |  1  2 |
---------------+-------+-----
Dodging        | 2 |  2.1
Spellcasting   | 3 |  3.6
Fighting       | |  0.1
Short Blades   | |  0.2
Throwing       | |  0.2
Stealth        | |  1.6
Unarmed Combat | |  0.2
Summonings     | |  3.6

Action                   || total
-------------------------++-------
Melee: Unarmed           ||    39
       Dagger            ||    36
Throw: Javelin           ||    22
       Tomahawk          ||    12
 Cast: Summon Small Mamm ||    13
       Call Imp          ||    18
Armor: Robe              ||    45
Dodge: Dodged            ||    84
